 Dungeon Crawl Stone Soup version 0.21.1-1-g345015f (webtiles) character file.

126 inc the Grasshopper (level 5, -9/43 HPs)
             Began as a Gnoll Warper on June 8, 2018.
             Killed by divine providence
             ... invoked by an orc priest
              (10 damage)
             ... on level 3 of the Dungeon.
             The game lasted 00:04:53 (1849 turns).

inc the Grasshopper (Gnoll Warper)                  Turns: 1849, Time: 00:04:54

Health: -9/43      AC:  6    Str: 13    XL:     5   Next: 10%
Magic:  12/12      EV: 12    Int: 17    God:
Gold:   91         SH:  0    Dex: 14    Spells: 10/14 levels left

rFire    . . .     SeeInvis .   a - +0 mace
rCold    . . .     Gourm    .   (no shield)
rNeg     . . .     Faith    .   l - +0 ring mail (curse)
rPois    .         Spirit   .   (no helmet)
rElec    .         Reflect  .   (no cloak)
rCorr    .         Harm     .   k - +0 pair of gloves
MR       .....                  (no boots)
Stlth    +.........             (no amulet)
HPRegen  0.14/turn              (no ring)
MPRegen  0.13/turn              (no ring)

@: drained
A: distributed training, fangs 1, strong nose
a: no special abilities


You were on level 3 of the Dungeon.
You were not hungry.

You visited 1 branch of the dungeon, and saw 3 of its levels.

You collected 91 gold pieces.

Inventory:

Hand Weapons
 a - a +0 mace (weapon)
 m - a +1 dagger of freezing
Missiles
 e - 5 tomahawks of dispersal (quivered)
Armour
 b - a +0 leather armour
 k - a +0 pair of gloves (worn)
 l - a cursed +0 ring mail (worn)
Scrolls
 d - 2 scrolls of blinking
 g - a scroll of remove curse {unknown}
 i - a scroll of identify {unknown}
 n - a scroll of magic mapping {unknown}
 p - a scroll of teleportation {unknown}
Potions
 h - a potion of heal wounds {unknown}
 j - 3 potions of curing {unknown}
 o - a potion of agility {unknown}
 q - a potion of invisibility {unknown}
Books
 c - a book of Spatial Translocations

   Spells                             Type                      Level
   a - Blink                          Translocation                2
   b - Shroud of Golubria             Charms/Translocation         2
   c - Lesser Beckoning               Translocation                3
   d - Gell's Gravitas                Translocation                3
   e - Teleport Other                 Translocation                3
   f - Passage of Golubria            Translocation                4
Comestibles
 f - 2 rations


   Skills:
 + Level 4.7(4.4) Fighting
 + Level 1.3(1.1) Short Blades
 + Level 1.3(1.1) Long Blades
 + Level 1.3(1.1) Axes
 + Level 4.7(4.4) Maces & Flails
 + Level 1.3(1.1) Polearms
 + Level 1.3(1.1) Staves
 + Level 1.3(1.1) Slings
 + Level 1.3(1.1) Bows
 + Level 1.3(1.1) Crossbows
 + Level 2.8(2.6) Throwing
 + Level 2.8(2.6) Armour
 + Level 4.7(4.4) Dodging
 + Level 1.3(1.1) Stealth
 + Level 1.3(1.1) Shields
 + Level 1.3(1.1) Unarmed Combat
 + Level 5.1(4.9) Spellcasting
 + Level 1.0(0.8) Conjurations
 + Level 1.0(0.8) Hexes
 + Level 1.0(0.8) Charms
 + Level 1.0(0.8) Summonings
 + Level 1.0(0.8) Necromancy
 + Level 5.5(5.2) Translocations
 + Level 1.0(0.8) Transmutations
 + Level 1.0(0.8) Fire Magic
 + Level 1.0(0.8) Ice Magic
 + Level 1.0(0.8) Air Magic
 + Level 1.0(0.8) Earth Magic
 + Level 1.0(0.8) Poison Magic
 + Level 1.4(1.2) Invocations
 + Level 1.3(1.1) Evocations


You had 10 spell levels left.
You knew the following spells:

 Your Spells              Type           Power        Failure   Level  Hunger
a - Blink                 Tloc           N/A          4%          2    #......
b - Shroud of Golubria    Chrm/Tloc      ##........   13%         2    #......


Dungeon Overview and Level Annotations

Branches:
Dungeon (3/15)

Altars:
Fedhas
Hepliaklqana


Innate Abilities, Weirdness & Mutations

Your experience applies equally to all skills.
You have very sharp teeth.
Your uncanny sense of smell can sniff out nearby items.


Message History

You bite the orc priest, but do no damage.
The orc priest closely misses you. The orc hits you with a hand axe.
The orc closely misses you.
You hit the orc priest but do no damage.
The orc barely misses you.
The orc priest hits you with a mace of draining.
You feel drained.
The orc wizard gestures at you while chanting.
The puff of flame hits you!
The orc hits you from afar with a trident!
The orc priest miscasts a cantrip.
The orc wizard casts a spell at you. The puff of flame hits you!
* * * LOW HITPOINT WARNING * * *
The orc priest miscasts a cantrip.
The orc hits you with a hand axe.
* * * LOW HITPOINT WARNING * * *
The orc priest calls down the wrath of Beogh upon you.
Beogh smites you!
You die...

#......#
#......# .
#.#.##.## .##
###.#.#.o.###
..
.......oo...#
# #.#
#..#####..#.#
#. ..##..#
#o##.#
#..#.....# #.#
.# ∆ #...##..#
#@# ..
#...(..#####.#
##
#####<....<..#
#.##.....#
#.##.##..#
.....###.#
#####.# #...
#.. ..### ###
#.#


You could see an orc priest, an orc wizard and 2 orcs.

Vanquished Creatures
  Jessica (D:2)
  5 adders (D:2)
  A worm (D:2)
  2 dart slugs
  An orc (D:3)
  2 giant cockroaches
  8 hobgoblins
  4 jackals (D:1)
  5 kobolds
  A quokka (D:2)
  6 bats
  A frilled lizard (D:1)
  5 goblins
  7 rats
49 creatures vanquished.

Notes
Turn   | Place    | Note
-------+----------+-------------------------------------------
     0 | D:1      | inc the Gnoll Warper began the quest for the Orb.
     0 | D:1      | Reached XP level 1. HP: 20/20 MP: 6/6
   195 | D:1      | Reached XP level 2. HP: 21/26 MP: 7/7
   725 | D:1      | Learned a level 2 spell: Blink
   728 | D:1      | Learned a level 2 spell: Shroud of Golubria
   747 | D:2      | Noticed Jessica
   752 | D:2      | Killed Jessica
   752 | D:2      | Reached skill level 5 in Spellcasting
   752 | D:2      | Reached skill level 1 in Invocations
   752 | D:2      | Reached XP level 3. HP: 23/31 MP: 7/9
   860 | D:2      | Reached skill level 1 in Short Blades
   860 | D:2      | Reached skill level 1 in Long Blades
   860 | D:2      | Reached skill level 1 in Axes
   860 | D:2      | Reached skill level 1 in Polearms
   860 | D:2      | Reached skill level 1 in Staves
   860 | D:2      | Reached skill level 1 in Slings
   860 | D:2      | Reached skill level 1 in Bows
   860 | D:2      | Reached skill level 1 in Crossbows
   860 | D:2      | Reached skill level 1 in Stealth
   860 | D:2      | Reached skill level 1 in Shields
   860 | D:2      | Reached skill level 1 in Unarmed Combat
   860 | D:2      | Reached skill level 1 in Evocations
   871 | D:2      | Reached XP level 4. HP: 29/38 MP: 11/11
  1311 | D:2      | Reached skill level 1 in Conjurations
  1311 | D:2      | Reached skill level 1 in Hexes
  1311 | D:2      | Reached skill level 1 in Charms
  1311 | D:2      | Reached skill level 1 in Summonings
  1311 | D:2      | Reached skill level 1 in Necromancy
  1311 | D:2      | Reached skill level 1 in Transmutations
  1311 | D:2      | Reached skill level 1 in Fire Magic
  1311 | D:2      | Reached skill level 1 in Ice Magic
  1311 | D:2      | Reached skill level 1 in Air Magic
  1311 | D:2      | Reached skill level 1 in Earth Magic
  1311 | D:2      | Reached skill level 1 in Poison Magic
  1482 | D:2      | Found a hazy altar of Hepliaklqana.
  1483 | D:2      | Found a blossoming altar of Fedhas.
  1592 | D:2      | Reached XP level 5. HP: 42/43 MP: 12/12
  1847 | D:3      | HP: 1/43 [orc/hand axe (4)]
  1849 | D:3      | Killed from afar by an orc priest

Skill      XL: |  1  2  3  4 |
---------------+-------------+-----
Spellcasting   | 5 |  5.1
Invocations    | 1 |  1.4
Short Blades   | 1 |  1.3
Long Blades    | 1 |  1.3
Axes           | 1 |  1.3
Polearms       | 1 |  1.3
Staves         | 1 |  1.3
Slings         | 1 |  1.3
Bows           | 1 |  1.3
Crossbows      | 1 |  1.3
Stealth        | 1 |  1.3
Shields        | 1 |  1.3
Unarmed Combat | 1 |  1.3
Evocations     | 1 |  1.3
Conjurations   | 1 |  1.0
Hexes          | 1 |  1.0
Charms         | 1 |  1.0
Summonings     | 1 |  1.0
Necromancy     | 1 |  1.0
Transmutations | 1 |  1.0
Fire Magic     | 1 |  1.0
Ice Magic      | 1 |  1.0
Air Magic      | 1 |  1.0
Earth Magic    | 1 |  1.0
Poison Magic   | 1 |  1.0
Fighting       | |  4.7
Maces & Flails | |  4.7
Throwing       | |  2.8
Armour         | |  2.8
Dodging        | |  4.7
Translocations | |  5.5

Action                   |  1- 3 |  4- 6 || total
-------------------------+-------+-------++-------
Melee: Mace              |    76 |    95 ||   171
       Bite              |     3 |    12 ||    15
       Dagger            |       |    17 ||    17
 Cast: Shroud of Golubri |     1 |       ||     1
 Stab: Sleeping          |     1 |       ||     1
  Eat: Chunk             |       |     3 ||     3
Armor: Leather armour    |    12 |       ||    12
       Ring mail         |     6 |    44 ||    50
Dodge: Dodged            |    73 |   111 ||   184
